 Dungeon Crawl Stone Soup version 0.17.1-1-g73c8601 (webtiles) character file.

6945 Miyamura the Blocker (level 10, 0/103 HPs)
             Began as a Deep Dwarf Fighter on Dec 18, 2015.
             Was a High Priest of Makhleb.
             Slain by a minotaur (13 damage)
             ... in a labyrinth.
             The game lasted 00:37:36 (9483 turns).

Miyamura the Blocker (Deep Dwarf Fighter)           Turns: 9483, Time: 00:37:36

Health: 0/103      AC: 13    Str: 25    XL:     10   Next: 80%
Magic:  5/5        EV: 15    Int: 12    God:    Makhleb [*****.]
Gold:   870        SH: 12    Dex: 12    Spells: 0 memorised, 9 levels left

rFire  . . .     SeeInvis .     a - +1 war axe
rCold  + . .     Clarity  .     q - +2 ring mail {rC+}
rNeg   . . .     SustAt   .     c - +0 shield
rPois  .         Gourm    .     z - +0 helmet
rElec  .         Spirit   .     l - +0 cloak
rCorr  +         Warding  .     (no gloves)
rMut   .         Stasis   .     (no boots)
MR     +....                    d - amulet of resist corrosion
Stlth  +++.......               (no ring)
                                B - ring of wizardry

@: mighty, non-regenerating, somewhat resistant to hostile enchantments, fairly
stealthy
A: damage resistance, recharge devices, repulsion field 1, thin metallic scales
1, sense surroundings 2, robust 1, slow regeneration 3
a: Device Recharging, Minor Destruction, Lesser Servant of Makhleb, Major
Destruction, Greater Servant of Makhleb, Renounce Religion


You were in a labyrinth.
You worshipped Makhleb.
Makhleb was extremely pleased with you.
You were full.

You visited 3 branches of the dungeon, and saw 14 of its levels.
You also visited: Labyrinth.

You collected 870 gold pieces.

Inventory:

Hand Weapons
 a - a +1 war axe (weapon)
 g - a +0 mace
 j - a +0 spear
 s - a +0 blowgun
 J - a +1 flail of holy wrath
Missiles
 n - 2 throwing nets (quivered)
 t - 3 poisoned needles
Armour
 c - a +0 shield (worn)
 l - a +0 cloak (worn)
 q - a +2 ring mail of cold resistance (worn)
 z - a +0 helmet (worn)
Jewellery
 d - an amulet of resist corrosion (around neck)
 p - an uncursed amulet of stasis
 B - a ring of wizardry (left hand)
 F - an uncursed ring of fire
Wands
 e - a wand of heal wounds (6)
 u - a wand of flame (20)
 y - a wand of frost (19)
 C - a wand of disintegration (10)
 D - a wand of confusion (18)
Scrolls
 h - 2 scrolls of amnesia
 i - 3 scrolls of remove curse
 w - 2 scrolls of teleportation
 K - a scroll of blinking
Potions
 b - a potion of curing
 x - a potion of cancellation
 E - a potion of flight
 H - a potion of cure mutation {!q}
 I - a potion of might
Books
 r - a book of Frost

   Spells                             Type                      Level
   a - Freeze                         Ice                          1
   b - Throw Frost                    Conjuration/Ice              2
   c - Ozocubu's Armour               Charms/Ice                   3
   d - Throw Icicle                   Conjuration/Ice              4
   e - Summon Ice Beast               Ice/Summoning                4
   f - Condensation Shield            Ice                          4
 v - a Fen Folio

   Spells                             Type                      Level
   a - Corpse Rot                     Necromancy                   2
   b - Stone Arrow                    Conjuration/Earth            3
   c - Leda's Liquefaction            Hexes/Earth                  4
   d - Summon Forest                  Summoning/Translocation      5
   e - Hydra Form                     Transmutation                6
   f - Summon Hydra                   Summoning                    7
Comestibles
 f - 8 bread rations
 k - 7 fruits
 m - a meat ration
 o - 7 beef jerkies
 G - 8 slices of pizza


   Skills:
 + Level 7.3 Fighting
 + Level 7.9 Axes
 + Level 8.6 Armour
 + Level 7.2 Dodging
 - Level 6.4 Stealth
 + Level 8.7 Shields


You had 9 spell levels left.
You didn't know any spells.

Dungeon Overview and Level Annotations

Branches:
Dungeon (11/15)            Temple (1/1) D:7            Lair (0/8) D:9
    Orc (2/4) D:9

Altars:
Ashenzari
Cheibriados
Dithmenos
Elyvilon
Fedhas
Gozag
Makhleb
Nemelex Xobeh
Okawaru
Qazlal
Ru
Sif Muna
Trog
Vehumet
Xom
Yredelemnul
Zin
The Shining One
Beogh


Innate Abilities, Weirdness & Mutations

You are resistant to damage.
You can recharge devices by infusing magical energy.
You passively map the area around you.
You do not regenerate naturally.
You are surrounded by a mild repulsion field (EV +2).
You are partially covered in thin metallic scales (AC +2).
You are robust (+10% HP).


Message History

The minotaur is moderately wounded.
The minotaur hits you! The minotaur barely misses you.
You hit the minotaur.
The minotaur is heavily wounded.
You block the minotaur's attack.
The minotaur gores you but does no damage.
You slice the minotaur!!
The minotaur is severely wounded.
The minotaur hits you!! You block the minotaur's attack.
Your shield and ring mail prevent you from hitting the minotaur.
The minotaur furiously retaliates!
The minotaur headbutts you!
The minotaur is severely wounded.
The minotaur closely misses you. The minotaur gores you.
You block the minotaur's attack. The minotaur gores you.
You slash the minotaur!
The minotaur is almost dead.
The minotaur hits you!!
* * * LOW HITPOINT WARNING * * *
The minotaur gores you!
You die...

###..###.
....#
..........#..
..# . ##
###.#.#.###
#. # #
.....#.# #
##.......# .
...... ▓▓▓'▓
▓ # # ###.▓
▓.▓ ▓ .. ..▓
▓▓'▓▓▓ . .# #
.▓ ▓.@<.▓ ▓ #
..▓ +⌠H..▓ .
.▓ ▓...⌠+ ▓ #
.. ▓ ▓.⌠..▓ .
# . ▓▓+▓▓▓
.#. # ▓ # #
▓▓ . # . . #


You could see a minotaur.

Vanquished Creatures
  Erica (D:9)
  A cyclops (D:11)
  A komodo dragon (D:9)
  A two-headed ogre (D:8)
  A minotaur skeleton (Lab)
  A yak (D:7)
  A wraith (D:11)
  2 hungry ghosts
  A hippogriff (D:7)
  A human (D:7)
  A warg (Orc:1)
  A hog (D:7)
  4 ice beasts
  2 ogres
  A sky beast (D:9)
  5 orc warriors
  An eye of draining (D:11)
  A necrophage (D:9)
  2 phantoms (D:6)
  A wyvern zombie (D:11)
  2 centaurs
  2 giant frogs
  2 scorpions (D:4)
  6 killer bees (D:11)
  A troll skeleton (Lab)
  2 crimson imps
  A centaur zombie (D:6)
  2 electric eels (D:7)
  4 hounds
  2 jellies (D:9)
  5 orc wizards
  2 centaur skeletons (Lab)
  11 orc priests
  6 worker ants
  3 iguanas
  4 sheep
  An ogre skeleton (Lab)
  3 hound skeletons
  10 adders
  48 gnolls
  A shadow imp (D:8)
  An ooze (D:5)
  6 worms
  2 giant geckos
  46 orcs
  4 giant cockroaches
  10 goblins
  8 hobgoblins
  21 jackals
  8 kobolds
  4 quokkas
  11 bats
  2 giant newts
  2 jackal skeletons
  A quokka skeleton (D:4)
  7 rats
  4 plants
285 creatures vanquished.

Notes
Turn   | Place    | Note
--------------------------------------------------------------
     0 | D:1      | Miyamura the Deep Dwarf Fighter began the quest for the Orb.
     0 | D:1      | Reached XP level 1. HP: 20/20 MP: 1/1
   328 | D:1      | Reached XP level 2. HP: 22/27 MP: 2/2
   405 | D:1      | Gained mutation: You are robust (+10% HP). [potion of mutation]
   405 | D:1      | Gained mutation: You are surrounded by a mild repulsion field (EV +2). [potion of mutation]
   405 | D:1      | Gained mutation: You are partially covered in thin metallic scales (AC +2). [potion of mutation]
   794 | D:2      | Reached XP level 3. HP: 16/37 MP: 3/3
  1000 | D:2      | Reached skill level 1 in Stealth
  1102 | D:2      | Reached skill level 1 in Dodging
  1539 | D:3      | Reached XP level 4. HP: 16/46 MP: 4/4
  1665 | D:3      | Reached skill level 4 in Shields
  2326 | D:3      | Reached XP level 5. HP: 35/53 MP: 5/5
  2894 | D:4      | Found an opulent altar of Gozag.
  2932 | D:4      | Reached XP level 6. HP: 34/61 MP: 6/6
  3626 | D:4      | Reached XP level 7. HP: 31/69 MP: 7/7
  3673 | D:5      | Entered Level 5 of the Dungeon
  3751 | D:5      | Reached skill level 5 in Shields
  4262 | D:5      | Found a glowing silver altar of Zin.
  4262 | D:5      | Found a burning altar of Makhleb.
  4263 | D:5      | Noticed a blizzard demon
  4263 | D:5      | Noticed an angel
  4267 | D:5      | Became a worshipper of Makhleb the Destroyer
  4294 | D:5      | Reached skill level 5 in Armour
  4678 | D:6      | Reached XP level 8. HP: 38/80 MP: 7/7
  4966 | D:6      | Found a deep blue altar of Sif Muna.
  5108 | D:6      | Reached skill level 5 in Stealth
  5261 | D:6      | Reached * piety under Makhleb
  5486 | D:7      | Reached skill level 5 in Fighting
  5509 | D:7      | Reached skill level 5 in Axes
  5509 | D:7      | Reached skill level 6 in Shields
  5769 | D:7      | Found a snail-covered altar of Cheibriados.
  5985 | D:7      | Found a staircase to the Ecumenical Temple.
  6003 | Temple   | Entered the Ecumenical Temple
  6188 | D:7      | Gained mutation: You passively map the area around you. [Deep Dwarf growth]
  6188 | D:7      | Reached XP level 9. HP: 9/89 MP: 8/8
  6427 | D:3      | Noticed an ogre
  6437 | D:3      | Killed an ogre
  6439 | D:3      | Reached ** piety under Makhleb
  7098 | D:8      | Reached *** piety under Makhleb
  7193 | D:8      | Reached skill level 5 in Dodging
  7252 | D:8      | Reached skill level 7 in Shields
  7884 | D:9      | Found a staircase to the Lair.
  7885 | D:9      | Noticed a komodo dragon
  7899 | D:9      | Killed a komodo dragon
  8043 | D:9      | Reached XP level 10. HP: 49/101 MP: 7/7
  8050 | D:9      | Found a staircase to the Orcish Mines.
  8056 | D:9      | Found a roughly hewn altar of Beogh.
  8070 | D:9      | Reached **** piety under Makhleb
  8132 | D:9      | Found a radiant altar of Vehumet.
  8374 | Orc:1    | Entered Level 1 of the Orcish Mines
  8389 | Orc:1    | Noticed Erica
  8427 | D:9      | HP: 4/101 [Erica/bolt of poison (21)]
  8452 | D:9      | Killed Erica
  8452 | D:9      | Reached skill level 8 in Armour
  8802 | D:10     | Entered Level 10 of the Dungeon
  8875 | D:10     | You fall through a shaft!
  8895 | D:11     | Noticed a cyclops
  8917 | D:11     | Killed a cyclops
  9047 | D:11     | Noticed a hill giant
  9064 | D:11     | Found a labyrinth entrance.
  9074 | Lab      | Entered a labyrinth
  9151 | Lab      | Reached ***** piety under Makhleb
  9421 | Lab      | Got a scorched ring mail
  9432 | Lab      | Identified the +1 ring mail of the Vacuum {Regen+ Str+2} (You found it in a labyrinth)
  9475 | Lab      | Noticed a minotaur
  9483 | Lab      | Slain by a minotaur

Action                   |  1- 3 |  4- 6 |  7- 9 | 10-12 || total
-------------------------+-------+-------+-------+-------++-------
Melee: War axe           |   159 |   279 |   544 |   233 ||  1215
       Spear             |     1 |    38 |       |       ||    39
 Fire: Blowgun           |       |     9 |       |       ||     9
 Abil: Device Recharging |       |       |     3 |     2 ||     5
Evoke: Wand              |       |     4 |    20 |     9 ||    33
  Use: Scroll            |     9 |     4 |    14 |     4 ||    31
       Potion            |     1 |     4 |     4 |     3 ||    12
 Stab: Sleeping          |       |       |     2 |     2 ||     4
  Eat: Chunk             |     2 |     8 |    26 |     4 ||    40
       Meat ration       |       |       |       |     1 ||     1
       Royal jelly       |       |       |       |     1 ||     1
